← All builds
Suicide front / Armada / Economy first / OBSERVED BUILD

Mace bot assault

Armada Suicide front build order · Supreme Isthmus

An economy-first start rushes Mace out of the Bot Lab from around 2:02, well ahead of the role's norm, to push a stronger bot assault into the middle before shifting to the usual mixed army.

#rush #push · 109 distinct matches · 30 players · 3% of Armada Suicide front games · team won 53% of 111 · Recently observed

THE CATCH, AND WHAT COMES WITH IT
  • MaceT1 bot assault from 2:02 · 11% of role by thenFrom the Bot Lab. Only 11% of Suicide front games have it by then; others who build it get it around 2:10
  • MaceMace in 85%5% of all Suicide front games by then

Where those units first fight, in 111 games with kill data: in the middle 98%.

Those units destroy a typical 2,885 metal of enemy units by 15:00.

Then transitions into rocketeer (8% of army).

HOW TO PLAY IT

Key timing: Mace by 2:03

  1. Open single mex straight into Bot Lab by 0:44.
  2. Grab more mex and wind while lab keeps producing.
  3. Push Mace-led bot assault into middle ahead of schedule.
  4. Keep reinforcing with Mace, add Centurion for anti-swarm.
  5. Transition into usual Centurion/Blitz mix with T2 cons.

Phase by phase

TYPICAL OF ITS 109 GAMES · AGAINST STANDARD SUICIDE FRONT
  1. 1
  2. 2
  3. 3
  4. 4
PLAY THE OPENING

Follow the example game's first 6:00 step by step: what to build now, what comes next, and where it goes. At 1× it keeps pace with your own game.

  1. 1

    Up to the Bot Lab

    Economy
    • Metal Extractor2Mex
    Order
    1. Bot LabBot Lab after 2 mexdone ~0:42, middle half 0:26–0:58

    Some games also: Sentry (32%)

    By 0:25 in all: 2 mex

    The example game in this phase · 2 steps
    1. Mex ×2
    2. Bot LabBot Labdone 0:33 · typical 0:42
  2. 2

    Bot Lab to T1 bot assault

    Economy
    • Metal Extractor2Mex
    Order
    1. MaceT1 bot assault after 3 mex, 1 wind
    Builders
    • Construction Bot2 Con bot
    • Lazarus2 Lazarus
    Army
    • Sentry1 Sentry
    • Centurion1 Centurion

    Some games also: wind (42%) · Radar Tower (41%) · tick (36%)

    By 2:02 in all: 3 mex · 1 wind

    The example game in this phase · 8 steps
    1. TickTick
    2. Wind ×2
    3. TickTick
    4. LazarusLazarus
    5. PawnPawn ×5
    6. LazarusLazarus
    7. Construction BotCon bot
    8. MaceMacedone 2:13
  3. 3

    T1 bot assault to 5:00

    Economy
    • Metal Extractor2Mex
    • Wind Turbine5Wind+2 vs standard
    Builders
    • Construction Bot1 Con bot
    • Lazarus1 Lazarus
    Army
    • Sentry2 Sentry
    • Mace11 Mace +11 vs standard

    Some games also: Radar Tower (45%) · con turret (43%) · Beamer (42%)

    The standard build makes here, this one skips: 15 rocketeer

    By 5:00 in all: 5 mex · 6 wind (standard 4)

    The example game in this phase · 18 steps
    1. Mex
    2. MaceMace ×3
    3. Mex
    4. SentrySentry
    5. MaceMace
    6. Construction BotCon bot
    7. SentrySentry
    8. MaceMace
    9. SentrySentry
    10. MaceMace ×2
    11. Mex
    12. Construction BotCon bot ×2
    13. Metal storage
    14. Radar TowerRadar Tower
    15. Construction BotCon bot
    16. MaceMace ×6
    17. Wind
    18. MaceMace
  4. 4

    5:00 to 10:00

    Economy
    • Metal Extractor1Mex
    • Wind Turbine15Wind
    Builders
    • Construction Turret2 Con turret
    • Lazarus3 Lazarus
    Army
    • Mace12 Mace +12 vs standard

    Some games also: con bot (39%) · Sentry (36%) · rocketeer (33%) · Radar Tower (33%) · Beamer (32%)

    The standard build makes here, this one skips: 8 rocketeer

    By 10:00 in all: 6 mex · 21 wind · 2 con turret

    The example game in this phase · 180 steps
    1. MaceMace
    2. Wind ×2
    3. SentrySentry ×2
    4. Wind
    5. MaceMace
    6. SentrySentry
    7. MaceMace
    8. SentrySentry
    9. Wind ×2
    10. SentrySentry
    11. MaceMace
    12. Wind
    13. SentrySentry
    14. LazarusLazarus
    15. SentrySentry ×2
    16. Wind
    17. PawnPawn
    18. Con turret
    19. Wind ×2
    20. PawnPawn
    21. MaceMace
    22. PawnPawn
    23. Wind
    24. SentrySentry
    25. PawnPawn
    26. Wind ×2
    27. PawnPawn ×2
    28. Wind ×3
    29. Con turret
    30. PawnPawn
    31. MaceMace
    32. PawnPawn
    33. Wind ×2
    34. PawnPawn
    35. RocketeerRocketeer
    36. PawnPawn
    37. Wind ×2
    38. PawnPawn
    39. NettleNettle
    40. Wind ×2
    41. PawnPawn
    42. NettleNettle
    43. Wind
    44. PawnPawn
    45. Wind ×2
    46. PawnPawn
    47. Mex
    48. Wind
    49. PawnPawn
    50. Wind ×2
    51. TickTick
    52. Wind
    53. NettleNettle
    54. Con turret
    55. TickTick ×3
    56. Wind
    57. TickTick
    58. Wind
    59. TickTick ×2
    60. Wind
    61. TickTick
    62. Wind
    63. Mex
    64. TickTick
    65. Wind
    66. TickTick
    67. Wind
    68. TickTick
    69. Wind
    70. TickTick ×2
    71. Con turret
    72. TickTick
    73. Wind
    74. TickTick ×4
    75. Wind
    76. TickTick ×2
    77. Con turret
    78. TickTick ×4
    79. Radar TowerRadar Tower
    80. TickTick ×4
    81. Con turret
    82. TickTick
    83. Con turret
    84. TickTick ×2
    85. GauntletGauntletdone 10:08
    86. TickTick ×2
    87. Bot LabBot Labdone 9:48
    88. TickTick ×30
    89. NettleNettle
    90. TickTick ×20
    91. NettleNettle
    92. TickTick ×9
    93. Con turret
    94. TickTick ×3
    95. Advanced Metal ExtractorT2 mexdone 11:19 · typical 10:25
    96. TickTick
    97. Wind
    98. TickTick ×2
    99. Wind
    100. TickTick ×3
    101. Wind ×2
    102. SentrySentry
    103. TickTick
    104. Wind
    105. TickTick
    106. Bot LabEat Bot Labreclaimed for its metal
    107. TickTick
    108. Wind
    109. TickTick
    110. Advanced Metal ExtractorT2 mex
    111. TickTick ×2
    112. Wind
    113. TickTick
    114. Wind
    115. TickTick
    116. SentrySentry
    117. TickTick ×2
    118. Wind
    119. BeamerBeamer
    120. TickTick ×2
    121. Advanced Metal ExtractorT2 mex
    122. TickTick ×2
    123. Wind ×2
    124. TickTick
    125. BeamerBeamer
    126. Wind ×3
    127. TickTick ×7
    128. Wind
    129. TickTick
    130. Advanced Metal ExtractorT2 mex
    131. Construction BotCon bot ×2
    132. Wind ×2
    133. TickTick ×4
    134. Con turret
    135. TickTick
    136. Wind
    137. Con turret
    138. TickTick
    139. JunoJuno
    140. TickTick
    141. Wind
    142. TickTick
    143. Wind
    144. TickTick
    145. Wind
    146. TickTick ×3
    147. Wind ×2
    148. TickTick ×5
    149. Wind
    150. TickTick ×3
    151. Wind
    152. TickTick ×2
    153. JunoJuno
    154. TickTick
    155. Wind
    156. Advanced Metal ExtractorT2 mex
    157. TickTick ×5
    158. Wind
    159. TickTick ×2
    160. Wind
    161. TickTick
    162. Wind
    163. TickTick ×3
    164. Wind ×2
    165. TickTick
    166. Wind
    167. LazarusLazarus
    168. Wind
    169. LazarusLazarus
    170. Wind
    171. Con turret
    172. LazarusLazarus
    173. GuardGuard
    174. Wind
    175. LazarusLazarus
    176. RattlesnakeRattlesnakenot finished by 15:00
    177. LazarusLazarus
    178. Wind
    179. LazarusLazarus ×2
    180. Wind

Counts are medians over the build's games: half of them build more, half fewer. The example game is LLT's (34 OS, 18/09/2026); pick another.

Team trades

IN AT LEAST 30% OF ITS GAMES

You hand over

Nothing regular.

You get

  • Tidal Generator4 Tidal from Pondfirst at 0:11 · in 70% of games
  • Advanced Construction Bot1 T2 con bot from Tech or Geofirst at 8:24 · in 47% of games

How it plays out

Typical game of this build against the role’s standard build, running totals by minute

  • This build
  • Standard suicide front

Metal produced

010k20k
0:005:0010:0015:00

metal

Enemy metal destroyed

05k10k
0:005:0010:0015:00

metal

Own metal lost

05k10k
0:005:0010:0015:00

metal

111 games.

Show as table
ByMetal produced: This buildMetal produced: Standard suicide frontEnemy metal destroyed: This buildEnemy metal destroyed: Standard suicide frontOwn metal lost: This buildOwn metal lost: Standard suicide front
1:003112300000
2:0094388721000
3:0019172008272184130130
4:0029523109800645575501
5:00399241841559135312351000
6:00508853472184218321061707
7:00624765433756305133612589
8:00737377604617393645203499
9:00843690465315468951274375
10:009391104125885531258205161
11:0010659118896422585866855966
12:0012068135787243640776436686
13:0013679153967604687686737455
14:0014492172968025750489478213
15:0016469192528264810695279007
WHAT THE NUMBERS SAY

Won less often than the standard Suicide front build despite destroying more enemy metal.

  • + Destroys 10959 metal by 15:00 vs standard's 8295
  • + Mace committed by 2:03, far ahead of the 10% norm
  • − Own losses run higher, 11331 vs 9179 by 15:00
  • − Metal produced trails standard by 15:00, 18386 vs 20141
THE EXAMPLE YOU ARE READING

LLT

34.4 OS · 18/09/2026

Open source match ↗

6 received units · includes a constructor
459 metal received · 8582 energy received

Allied construction assistance is unknown. Timings are observations, not a promise of solo reproducibility.

Typical milestones

Bot Lab0:42Middle 50%: 0:26–0:58 · n=111
Advanced Metal Extractor10:25Middle 50%: 9:04–11:34 · n=68

Played most by

[crd]sisa49games of this buildChaoticNoob10games of this build[Fx]Doo8games of this buildHorlof5games of this buildDread294games of this build